 Dungeon Crawl Stone Soup version 0.25.1-2-g60ff931df9 (webtiles) character file.

Game seed: 17815187914398397705

3279 graki42 the Cleaver (level 10, -7/91 HPs)
             Began as a Naga Fighter on July 30, 2020.
             Was an Initiate of Cheibriados.
             Mangled by a killer bee (8 damage)
             ... on level 8 of the Dungeon.
             The game lasted 00:21:13 (9164 turns).

graki42 the Cleaver (Naga Fighter)                  Turns: 9164, Time: 00:21:18

Health: -7/91      AC: 10    Str: 21 (22) XL:     10   Next: 0%
Magic:  7/11       EV:  7    Int:  8 (11) God:    Cheibriados [......]
Gold:   425        SH: 10    Dex: 17 (19) Spells: 9/9 levels left

rFire    . . .     SeeInvis +   a - +0 war axe
rCold    + . .     Gourm    .   c - +0 kite shield
rNeg     . . .     Faith    .   v - +2 scale mail {MR+}
rPois    +         Spirit   .   (no helmet)
rElec    .         Reflect  .   (no cloak)
rCorr    .         Harm     .   q - +0 pair of gloves
MR       ++...                  (no barding)
Stlth    +.........             (no amulet)
HPRegen  0.25/turn              A - ring of protection from cold
MPRegen  0.12/turn              y - +6 ring of dexterity

@: lethally poisoned (-7 -> -8), very slow
A: large, stinger 1, thin skeletal structure 1, see invisible, deformed body,
poison resistance, slowness 2, slow metabolism 1, spit poison 1, AC +3
a: Spit Poison, Bend Time, Renounce Religion


You were on level 8 of the Dungeon.
You worshipped Cheibriados.
Cheibriados was noncommittal.
You were not hungry.

You visited 2 branches of the dungeon, and saw 9 of its levels.
You also visited: Ossuary.

You collected 425 gold pieces.

Inventory:

Hand Weapons
 a - a +0 war axe (weapon)
Armour
 c - a +0 kite shield (worn)
 q - a +0 pair of gloves (worn)
 v - a +2 scale mail of magic resistance (worn)
Jewellery
 w - an uncursed amulet of reflection {unknown}
 y - a +6 ring of dexterity (right hand)
 A - a ring of protection from cold (left hand)
Wands
 d - a wand of iceblast (13)
 B - a wand of paralysis (8)
Scrolls
 b - a scroll of fear
 e - 3 scrolls of magic mapping
 j - 2 scrolls of blinking {unknown}
 l - a scroll of enchant weapon {unknown}
 n - 5 scrolls of teleportation {unknown}
 p - a scroll of remove curse {unknown}
 r - a scroll of enchant armour {unknown}
 s - 4 scrolls of identify
 u - 2 scrolls of immolation {unknown}
 x - a scroll of fog {unknown}
 C - 4 scrolls of random uselessness {unknown}
 E - 2 scrolls of amnesia {unknown}
Potions
 g - 3 potions of invisibility {unknown}
 h - 4 potions of curing
 i - 4 potions of heal wounds {unknown}
 m - 2 potions of flight
 o - 2 potions of degeneration
Comestibles
 f - 14 rations


   Skills:
 + Level 6.3 Fighting
 + Level 9.4 Axes
 + Level 5.1 Armour
 + Level 2.2 Dodging
 - Level 1.0 Stealth
 + Level 5.1 Shields
 * Level 1.5 Invocations


You had 9 spell levels left.
You didn't know any spells.
Your spell library contained the following spells:

 Spells                   Type           Power        Failure   Level  Hunger
 Sandblast                Erth           #.....       95%         1    ##.....
 Passwall                 Tmut/Erth      #.......     98%         2    ###....
 Stone Arrow              Conj/Erth      #.....       100%        3    ####...
 Petrify                  Tmut/Erth      #.......     100%        4    #####..
 Lee's Rapid Deconstruct  Erth           #.........   100%        5    ######.


Dungeon Overview and Level Annotations

Branches:
Dungeon (8/15)             Temple (1/1) D:7         Ossuary (visited)
   Lair: D:8-11

Altars:
Ashenzari
Cheibriados
Dithmenos
Elyvilon
Fedhas
Gozag
Hepliaklqana
Kikubaaqudgha
Nemelex Xobeh
Qazlal
Ru
Sif Muna
Trog
Uskayaw
Vehumet
Wu Jian
Xom
Yredelemnul
Zin
The Shining One

Shops:
D:6 =

Annotations:
D:8 Maggie


Innate Abilities, Weirdness & Mutations

You cannot wear boots.
Your serpentine skin is tough. (AC +3)
You have supernaturally acute eyesight. (SInv)
Armour fits poorly on your strangely shaped body.
Your system is resistant to poisons. (rPois)
You cover ground very slowly.
You have a slow metabolism.
You can spit poison.
Your tail ends in a poisonous barb.
You have a somewhat thin skeletal structure. (Dex +2, Stealth)


Message History

You feel weakened.
You feel dopey.
You feel clumsy. You block the killer bee's attack.
The killer bee stings you but does no damage.
You block the killer bee's attack.
The killer bee stings you but does no damage.
Unknown command.
It was a potion of cancellation.
Your magical effects are unravelling.
You feel magically purged.
You break out of your daze.
You feel a little less mighty now.
You feel sick. The killer bee stings you.
* * * LOW HITPOINT WARNING * * *
You block the killer bee's attack.
Maggie hits you with a +1 broad axe of flaming.
* * * LOW HITPOINT WARNING * * *
Maggie burns you.
* * * LOW HITPOINT WARNING * * *
The killer bee stings you!
You die...

### ...# ...
#####.#
.....########.
#............
#............
#..<........#
#^...@......#
#...yy@.....#
#....c......#
#...........#
#####.#.....#
.)#.....#
###.....#
......


You could see Maggie (slow), a centaur and 2 killer bees.

Vanquished Creatures
  Grinder (D:4)
  An orc warrior (D:7)
  An ice beast (D:6)
  A black bear (D:7)
  4 ogres
  3 centaurs
  An elf zombie (Ossuary)
  4 bullfrogs
  2 killer bees (D:8)
  3 scorpions
  4 howler monkeys
  9 crimson imps (D:7)
  A bullfrog zombie (D:7)
  A quasit (D:6)
  4 hounds
  A centaur zombie (Ossuary)
  2 bullfrog skeletons
  2 jellies
  A human zombie (Ossuary)
  3 orc priests (D:7)
  3 centaur skeletons
  2 iguanas (D:6)
  2 orc wizards (D:7)
  6 worker ants
  A big kobold zombie (Ossuary)
  2 mummies (Ossuary)
  2 hound skeletons (D:7)
  3 gnolls (D:3)
  11 adders
  11 river rats (D:6)
  A shadow imp (D:7)
  3 adder zombies
  A worm (D:3)
  4 dart slugs
  3 leopard geckos
  12 orcs
  2 ball pythons
  5 bats
  3 giant cockroaches
  5 goblins
  8 hobgoblins
  4 jackals (D:2)
  7 quokkas
  3 frilled lizards
  2 goblin zombies (Ossuary)
  10 hobgoblin zombies (Ossuary)
  A jackal skeleton (D:7)
  7 kobolds
  6 kobold zombies (Ossuary)
  12 orc zombies (Ossuary)
  29 rats
  A rat zombie (Ossuary)
221 creatures vanquished.

Notes
Turn   | Place    | Note
-------+----------+-------------------------------------------
     0 | D:1      | graki42 the Naga Fighter began the quest for the Orb.
     0 | D:1      | Reached XP level 1. HP: 21/21 MP: 1/1
   258 | D:1      | Reached XP level 2. HP: 28/28 MP: 2/2
   910 | D:2      | Reached XP level 3. HP: 30/34 MP: 3/3
   957 | D:2      | Noticed a moth of wrath
   959 | D:2      | Found a bloodstained altar of Trog.
  1628 | D:2      | Reached XP level 4. HP: 30/42 MP: 4/4
  1914 | D:2      | Reached skill level 3 in Axes
  2153 | D:3      | Reached XP level 5. HP: 25/49 MP: 5/5
  3924 | D:4      | Reached skill level 4 in Axes
  3924 | D:4      | Reached XP level 6. HP: 46/56 MP: 6/6
  3986 | D:4      | Found an ancient bone altar of Kikubaaqudgha.
  4500 | D:4      | Noticed Grinder
  4515 | D:4      | Killed Grinder
  4515 | D:4      | Reached skill level 5 in Axes
  4515 | D:4      | Reached XP level 7. HP: 39/66 MP: 7/7
  4954 | D:5      | Entered Level 5 of the Dungeon
  5366 | D:5      | Reached XP level 8. HP: 43/73 MP: 8/8
  5370 | D:5      | Reached skill level 6 in Axes
  5747 | D:5      | Reached skill level 1 in Dodging
  5747 | D:5      | Reached skill level 1 in Stealth
  6163 | D:6      | Reached skill level 5 in Fighting
  6445 | D:6      | Found a blossoming altar of Fedhas.
  6566 | D:6      | Reached skill level 7 in Axes
  7024 | D:6      | Found Zojehut's Jewellery Shop.
  7040 | D:6      | Reached XP level 9. HP: 75/81 MP: 9/9
  7298 | D:6      | Found a hide-covered altar of Uskayaw.
  7514 | D:7      | Found a sand-covered staircase.
  7519 | Ossuary  | Entered an ossuary
  7660 | Ossuary  | Reached skill level 8 in Axes
  8272 | D:7      | Reached skill level 5 in Armour
  8366 | D:7      | Reached skill level 9 in Axes
  8366 | D:7      | Reached skill level 5 in Shields
  8588 | D:7      | Found a staircase to the Ecumenical Temple.
  8703 | Temple   | Entered the Ecumenical Temple
  8788 | Temple   | Became a worshipper of Cheibriados the Contemplative
  8945 | D:7      | Reached skill level 1 in Invocations
  9144 | D:8      | Noticed Maggie
  9157 | D:8      | Reached XP level 10. HP: 59/91 MP: 6/11
  9162 | D:8      | Gained mutation: You have a somewhat thin skeletal
                  | structure. (Dex +2, Stealth) [potion of mutation]
  9162 | D:8      | Gained mutation: Your tail ends in a poisonous barb.
                  | [potion of mutation]
  9164 | D:8      | HP: 2/91 [Maggie/+1 broad axe of flaming (3)]
  9164 | D:8      | Mangled by a killer bee

Illustrated notes

Levels and vault maps discovered:
D:1:      minmay_arrival_shattered_statue, layout_basic, minmay_statues_item
D:2:      layout_loops_corners, grunt_ministairs_6, minmay_misc_feat_cross,
          tgw_trog
D:3:      minmay_inner_zag, layout_loops_corners
D:4:      layout_gridville, kennysheep_mini, uniq_grinder
D:5:      layout_cave_pools, first_ration
D:6:      lemuel_ratsnest, layout_basic, eat_drink_and_be_merry_uskayaw,
          lemuel_doored_altar, serial_shops, shop
D:7:      layout_loops_ring, temple_statues, enter_ossuary_2, minmay_nine_imps
D:8:      layout_basic, gammafunk_ghost_nasty_kobolds,
          hangedman_pestilent_swarm, minmay_between, uniq_maggie
Temple:   minmay_crystal_spiral_temple

Skill      XL: |  1  2  3  4  5  6  7  8  9 |
---------------+----------------------------+-----
Shields        | 3 4 5 |  5.1
Axes           | 3 4 5 7 9 |  9.4
Armour         | 3 4 5 |  5.1
Fighting       | 4 5 6 |  6.3
Dodging        | 1 2 |  2.2
Stealth        | 1 |  1.0
Invocations    | 1 |  1.5

Action                   |  1- 3 |  4- 6 |  7- 9 | 10-12 || total
-------------------------+-------+-------+-------+-------++-------
Melee: War axe           |    78 |   167 |   479 |     3 ||   727
Invok: Bend Time         |       |       |     1 |       ||     1
Evoke: Wand              |       |       |     1 |       ||     1
  Use: Scroll            |       |     2 |     2 |       ||     4
       Potion            |       |     1 |     1 |     4 ||     6
 Stab: Paralysed         |       |       |     1 |       ||     1
  Eat: Chunk             |     1 |     8 |    11 |       ||    20
       Ration            |       |       |     1 |       ||     1
Armor: Scale mail        |    26 |    47 |   197 |     5 ||   275
       Plate armour      |       |    30 |    16 |       ||    46
Dodge: Dodged            |    23 |    31 |   133 |    10 ||   197
Block: Kite shield       |    39 |   100 |   246 |     8 ||   393
